 Dungeon Crawl Stone Soup version 0.32-a0-472-gc2b5402 (webtiles) character file.

Game seed: 9409291313971607636

148 Remcycle the Chopper (level 5, -4/45 HPs)
             Began as a Draconian Monk on Feb 25, 2024.
             Slain by an ogre
             ... wielding a +0 giant spiked club
              (23 damage)
             ... on level 4 of the Dungeon.
             The game lasted 00:05:42 (1826 turns).

Remcycle the Chopper (Draconian Monk)               Turns: 1826, Time: 00:05:43

Health: -4/45      AC:  8    Str: 16    XL:     5   Next: 8%
Magic:  0/5        EV: 12    Int: 10    God:
Gold:   127        SH:  5    Dex: 13    Spells: 4/4 levels left

rFire   . . .        a - +0 hand axe
rCold   . . .        k - +1 buckler {AC+3}
rNeg    . . .        (body armour unavailable)
rPois   .            (helmet restricted)
rElec   .            (no cloak)
rCorr   .            (no gloves)
SInv    .            (no boots)
Will    .....        m - amulet of guardian spirit
Stlth   +            (no ring)
HPRegen 0.27/turn    (no ring)
MPRegen 0.09/turn

%: guardian spirit
@: no status effects
A: AC +5, unfitting armour, cold-blooded
a: no special abilities


You were on level 4 of the Dungeon.
You visited 1 branch of the dungeon, and saw 4 of its levels.

You collected 127 gold pieces.

Inventory:

Hand Weapons
 a - a +0 hand axe (weapon)
Armour
 k - a +1 buckler of protection (worn)
Jewellery
 h - a ring of fire
 m - an amulet of guardian spirit (around neck)
Wands
 l - a wand of mindburst (9)
Scrolls
 c - a scroll of identify
 e - 2 scrolls of teleportation
Potions
 b - a potion of ambrosia
 g - 3 potions of heal wounds
 j - 2 potions of curing


   Skills:
 - Level 3.2 Fighting
 + Level 5.8 Axes
 - Level 2.6 Dodging


You had 4 spell levels left.
You didn't know any spells.
Your spell library contained the following spells:

 Spells                   Type           Power      Damage    Failure   Level
 Slow                     Hex            0%         N/A       45%         1
 Confusing Touch          Hex            0%         N/A       83%         3
 Sigil of Binding         Hex            0%         N/A       83%         3
 Summon Ice Beast         Ice/Summ       0%         N/A       83%         3
 Vampiric Draining        Necr           0%         2d6       83%         3
 Summon Mana Viper        Hex/Summ       0%         N/A       100%        5
 Monstrous Menagerie      Summ           0%         N/A       100%        7
 Chain Lightning          Conj/Air       0%         N/A       100%        9
 Fire Storm               Conj/Fire      0%         5d1       100%        9
 Shatter                  Erth           0%         3d5*      100%        9


Dungeon Overview and Level Annotations

Branches:
Dungeon (4/15)
 Temple: D:4-7

Altars:
Elyvilon
Trog


Innate Abilities, Weirdness & Mutations

Your plain brown scales are hard. (AC +5)
You cannot fit into any form of body armour.
You are cold-blooded and may be slowed by cold attacks.


Message History

You kill the gnoll!
You closely miss the gnoll. The gnoll hits you with a +0 flail. x2
You have reached level 5!
You barely miss the gnoll. The gnoll closely misses you.
You closely miss the gnoll. The gnoll completely misses you.
You closely miss the gnoll. The gnoll barely misses you.
You barely miss the gnoll. You block the gnoll's attack.
You hit the gnoll but do no damage. The gnoll closely misses you.
You hit the gnoll but do no damage. The gnoll hits you with a +0 flail.
You hit the gnoll.
The gnoll is lightly wounded.
You block the gnoll's attack.
You closely miss the gnoll.
Your tail-slap misses the gnoll.
The gnoll is lightly wounded.
The gnoll closely misses you.
You closely miss the gnoll.
The gnoll is lightly wounded.
The gnoll hits you with a +0 flail.
You barely miss the gnoll. You tail-slap the gnoll.
The gnoll is heavily wounded.
The gnoll hits you with a +0 flail.
You hit the gnoll.
The gnoll is severely wounded.
The gnoll hits you with a +0 flail!
You closely miss the gnoll.
You tail-slap the gnoll, but do no damage.
The gnoll is severely wounded.
You block the gnoll's attack.
You hit the gnoll.
You kill the gnoll!
You completely miss the ogre.
Your tail-slap misses the ogre.
The ogre closely misses you.
You closely miss the ogre. The ogre barely misses you.
You slash the ogre!
The ogre is moderately wounded.
You hit the ogre.
The ogre is moderately wounded.
The ogre hits you with a +0 giant spiked club!!
Ouch! That really hurt!
You die...

#.# # #.# #. #.# #.#
#.# .>#####.#
#...##.# # ###
#.#.##)###....
[...###.....@O......
#.....#.######....
#......# # ####.###
#.# ###.#####
#.......# #....##.#
# #..#.##.#


You could see an ogre.

Vanquished Creatures
  Jessica (D:3)
  3 gnolls (D:4)
  3 adders (D:2)
  A dart slug (D:1)
  2 ribbon worms
  10 ball pythons
  5 endoplasms
  A giant cockroach (D:1)
  6 hobgoblins
  8 jackals
  2 quokkas (D:2)
  3 bats
  2 frilled lizards (D:1)
  2 goblins
  3 kobolds
  2 rats (D:1)
54 creatures vanquished.

Notes
Turn   | Place    | Note
-------+----------+-------------------------------------------
     0 | D:1      | Remcycle the Draconian Monk began the quest for the Orb.
     0 | D:1      | Reached XP level 1. HP: 19/19 MP: 1/1
   117 | D:1      | Reached XP level 2. HP: 26/26 MP: 2/2
   238 | D:1      | Reached skill level 4 in Axes
   464 | D:1      | Reached XP level 3. HP: 26/31 MP: 3/3
   876 | D:2      | Reached skill level 5 in Axes
   876 | D:2      | Reached XP level 4. HP: 38/38 MP: 4/4
  1062 | D:3      | Noticed Jessica
  1078 | D:3      | Killed Jessica
  1265 | D:3      | Found a white marble altar of Elyvilon.
  1543 | D:4      | Noticed an orc warrior
  1544 | D:4      | Found a bloodstained altar of Trog.
  1802 | D:4      | Noticed an ogre
  1810 | D:4      | Reached XP level 5. HP: 28/45 MP: 3/5
  1826 | D:4      | Slain by an ogre

Illustrated notes

Levels and vault maps discovered:
D:1:      lemuel_arrival_cross, layout_basic
D:2:      layout_rooms, minmay_misc_feat_hallway
D:3:      layout_rooms, nicolae_overflow_hidden_temple, uniq_jessica
D:4:      layout_loops_corners, nzn_overflow_gifts_of_might_and_magic,
          overflow_temple_1_default

Skill      XL: |  1  2  3 |
---------------+----------+-----
Axes           | 4 5 |  5.8
Fighting       | |  3.2
Dodging        | |  2.6

Action                     |  1- 3 |  4- 6 || total
---------------------------+-------+-------++-------
  Melee: Hand axe          |    81 |    76 ||   157
         Tailslap          |     8 |    14 ||    22
    Use: Scroll            |       |     6 ||     6
 Armour: Skin              |    51 |    27 ||    78
  Dodge: Dodged            |    68 |    49 ||   117
  Block: Buckler           |     2 |    19 ||    21

Table legend: (Time is in decaauts)
 A = Elapsed time spent in this place.
 B = Non-inter-level travel time spent in this place.
 C = Inter-level travel time spent in this place.
 D = Time resting spent in this place.
 E = Time spent auto-exploring this place.
 F = Levels seen in this place.
 G = Mean time per level.
                   A        B        C        D        E       F      G
               +--------+--------+--------+--------+--------+-----+--------+
         Total |   1841 |   1707 |    134 |     70 |   1240 |   4 |  460.2 |
       Dungeon |   1841 |   1707 |    134 |     70 |   1240 |   4 |  460.2 |
               +--------+--------+--------+--------+--------+-----+--------+

Top non-repeatable levels by time:
     D:3: 616 daAuts
     D:2: 526 daAuts
     D:1: 518 daAuts
     D:4: 180 daAuts
